 Dungeon Crawl Stone Soup version 0.30.1-4-g462c640d31 (webtiles) character file.

Game seed: 11414930577591706441

51 Janerl the Poker (level 3, -6/33 HPs)
             Began as a Minotaur Berserker on Sept 9, 2023.
             Was a Follower of Trog.
             Killed from afar by Sigmund (9 damage)
             ... with a magic dart
             ... on level 3 of the Dungeon.
             The game lasted 00:04:13 (1859 turns).

Janerl the Poker (Minotaur Berserker)               Turns: 1859, Time: 00:04:14

Health: -6/33      AC:  3    Str: 21    XL:     3   Next: 58%
Magic:  2/2        EV: 12    Int:  6    God:    Trog [*.....]
Gold:   87         SH:  0    Dex:  9    Spells: 2/2 levels left

rFire   . . .        a - +0 spear
rCold   . . .        (no shield)
rNeg    . . .        b - +0 animal skin
rPois   .            (helmet restricted)
rElec   .            c - +0 cloak
rCorr   .            (no gloves)
SInv    .            (no boots)
Will    .....        (no amulet)
Stlth   +            (no ring)
HPRegen 0.25/turn    (no ring)
MPRegen 0.08/turn

%: no passive effects
@: mighty, attractive
A: horns 2, retaliatory headbutt
a: Renounce Religion, Berserk


You were on level 3 of the Dungeon.
You worshipped Trog.
Trog was aware of your devotion.
You visited 1 branch of the dungeon, and saw 3 of its levels.

You collected 87 gold pieces.

Inventory:

Hand Weapons
 a - a +0 spear (weapon)
 f - a +0 sling
Missiles
 e - 3 throwing nets (quivered)
Armour
 b - a +0 animal skin (worn)
 c - a +0 cloak (worn)
Wands
 r - a wand of flame (20)
Scrolls
 j - a scroll of noise {unknown}
 l - a scroll of immolation {unknown}
 m - a scroll of butterflies {unknown}
 n - 3 scrolls of identify {unknown}
 o - a scroll of teleportation {unknown}
Potions
 g - a potion of lignification {unknown}
 h - a potion of attraction
 i - a potion of cancellation {unknown}
 k - a potion of invisibility {unknown}
 p - a potion of heal wounds {unknown}
 q - a potion of berserk rage {unknown}


   Skills:
 + Level 4.2 Fighting
 + Level 4.8 Polearms
 + Level 2.6 Armour
 + Level 2.5 Dodging
 + Level 0.1 Stealth


You had 2 spell levels left.
You didn't know any spells.
Your spell library was empty.

Dungeon Overview and Level Annotations

Branches:
Dungeon (3/15)

Altars:
Uskayaw

Annotations:
D:3 Sigmund


Innate Abilities, Weirdness & Mutations

You have a pair of horns on your head.
You reflexively headbutt those who attack you in melee.


Message History

You hit Sigmund. You headbutt Sigmund, but do no damage.
Sigmund is lightly wounded.
Sigmund hits you with a +0 scythe.
You barely miss Sigmund.
Sigmund is lightly wounded.
You hit Sigmund.
Sigmund is moderately wounded.
Sigmund closely misses you.
You barely miss Sigmund. Your headbutt misses Sigmund.
Sigmund is moderately wounded.
Sigmund gestures at you while chanting.
You are confused.
Sigmund misses you.
You barely miss Sigmund. Your headbutt misses Sigmund.
Sigmund is moderately wounded.
Sigmund hits you with a +0 scythe!
You barely miss Sigmund. Your headbutt misses Sigmund.
Sigmund is moderately wounded.
You're too confused to move!
Sigmund hits you with a +0 scythe.
Sigmund hits you from afar with a +0 scythe.
You feel less confused.
You hit Sigmund.
Sigmund is heavily wounded.
Sigmund casts a spell.
Sigmund flickers and vanishes!
Deactivating autopickup; reactivate with Ctrl-A.
You closely miss something. Something hits you.
You closely miss something. You miss something. Something hits you.
* * * LOW HITPOINT WARNING * * *
You barely miss something. Your headbutt misses something. Something hits you.
* * * LOW HITPOINT WARNING * * *
It was a potion of attraction.
You feel attractive to monsters.
It was a potion of might.
You feel very mighty all of a sudden.
You hear some strange, mumbled words.
A magic dart appears from out of thin air!
The magic dart hits you!
You die...

####........#.##
#...............
#.............#
+.........##..#
######...####..##..#
+........# #..##..#####.
#######'#####............
#....{..#..##.######
#...@...#..#..#...
#.......#..#.##.##
#.......#..#.....#
#.......#..#.##..#
#.......#..####..##..
#.......+...........#
#.[.....#####..######
.....................
######..####.########.


There were no monsters in sight!

Vanquished Creatures
  An adder (D:2)
  A gnoll (D:1)
  A dart slug (D:1)
  2 endoplasms (D:1)
  2 giant cockroaches (D:2)
  A goblin (D:2)
  3 hobgoblins (D:2)
  6 kobolds
  2 quokkas
  5 ball pythons
  2 bats
  4 frilled lizards
30 creatures vanquished.

Notes
Turn   | Place    | Note
-------+----------+-------------------------------------------
     0 | D:1      | Janerl the Minotaur Berserker began the quest for the Orb.
     0 | D:1      | Reached XP level 1. HP: 19/19 MP: 0/0
   425 | D:1      | Reached XP level 2. HP: 17/27 MP: 1/1
   988 | D:2      | Found a hide-covered altar of Uskayaw.
  1086 | D:2      | Found a faded altar of an unknown god.
  1128 | D:2      | Reached XP level 3. HP: 31/33 MP: 2/2
  1837 | D:3      | Noticed Sigmund
  1859 | D:3      | Killed from afar by Sigmund

Illustrated notes

Levels and vault maps discovered:
D:1:      elethiomel_arrival_infinity_welcomes_careful_drivers,
          layout_loops_corners, minmay_misc_feat_cross
D:2:      layout_loops_ring, basic_altar, ebering_ecumenical_altar_webs,
          chequers_decorated_corner, nicolae_titane
D:3:      layout_basic, uniq_sigmund

Skill      XL: |  1  2 |
---------------+-------+-----
Polearms       | 4 |  4.8
Fighting       | 4 |  4.2
Armour         | |  2.6
Dodging        | |  2.5
Stealth        | |  0.1

Action                     || total
---------------------------++-------
  Melee: Spear             ||    95
         Headbutt          ||    14
    Use: Potion            ||     2
   Stab: Sleeping          ||     1
 Armour: Animal skin       ||    18
  Dodge: Dodged            ||    48
